 Dungeon Crawl Stone Soup version 0.26-a0-1021-gda264ca44c (webtiles) character file.

Game seed: 10226213363624119811

277 runemasterragnar the Bolt Thrower (level 6, -1/37 HPs)
             Began as a Kobold Hunter on Dec 8, 2020.
             Killed by divine providence
             ... invoked by an orc priest
              (9 damage)
             ... on level 4 of the Dungeon.
             The game lasted 00:04:04 (2722 turns).

runemasterragnar the Bolt Thrower (Kobold Hunter)   Turns: 2722, Time: 00:04:05

Health: -1/37      AC:  9    Str:  7    XL:     6   Next: 50%
Magic:  6/6        EV: 16    Int: 13    God:
Gold:   234        SH:  5    Dex: 17    Spells: 5/5 levels left

rFire    . . .     SeeInvis .   a - +1 hand crossbow
rCold    . . .     Faith    .   (shield restricted)
rNeg     . . .     Spirit   .   c - +0 leather armour
rPois    .         Reflect  +   (no helmet)
rElec    .         Harm     .   (no cloak)
rCorr    .         Rampage  .   (no gloves)
Will     .....                  (no boots)
Stlth    +++.......             j - amulet of reflection
HPRegen  0.12/turn              t - ring of flight
MPRegen  0.10/turn              s - +4 ring of protection

@: brilliant
A: small, slimy green scales 1, deterioration 1, nightstalker 3, weak 1
a: Evoke Flight


You were on level 4 of the Dungeon.
You visited 1 branch of the dungeon, and saw 4 of its levels.

You collected 234 gold pieces.

Inventory:

Hand Weapons
 a - a +1 hand crossbow (weapon)
 b - a +0 short sword
 g - a +0 dagger
 h - a +0 short sword
 r - a +0 long sword
Missiles
 d - 34 bolts (quivered ammo)
Armour
 c - a +0 leather armour (worn)
 f - a +0 scale mail
Jewellery
 j - an amulet of reflection (around neck)
 p - an uncursed ring of resist corrosion
 s - a +4 ring of protection (right hand)
 t - a ring of flight (left hand)
Wands
 v - a wand of random effects (19)
Scrolls
 e - 2 scrolls of random uselessness {unknown}
 i - 4 scrolls of identify
 m - 5 scrolls of teleportation {unknown}
 o - a scroll of immolation {unknown}
 q - a scroll of amnesia {unknown}
 u - 2 scrolls of enchant weapon {unknown}
Potions
 k - a potion of might
 l - 3 potions of resistance
 n - a potion of brilliance


   Skills:
 + Level 3.4 Fighting
 + Level 2.7 Short Blades
 * Level 6.4 Crossbows
 + Level 3.8 Dodging
 + Level 3.6 Stealth
 + Level 0.2 Evocations


You had 5 spell levels left.
You didn't know any spells.
Your spell library was empty.

Dungeon Overview and Level Annotations

Branches:
Dungeon (4/15)
 Temple: D:4-7

Altars:
Nemelex Xobeh
Sif Muna
Vehumet


Innate Abilities, Weirdness & Mutations

You are small and have problems with some larger weapons.
You are completely attuned to the shadows.
You are partially covered in slimy green scales. (AC +2)
Your body sometimes deteriorates upon taking damage.
You are weak. (Str -2)


Message History

Unknown command.
Fire: 35 bolts
Press: ? - help, Q - select action, (/) - cycle Shift-Dir - straight line, f/p - orc priest
Aim: an orc priest, wielding a +0 club and wearing a +0 ring mail (almost dead)
You shoot a bolt.
The bolt hits the orc priest but does no damage.
The orc priest is almost dead.
An orc comes into view.
It was a potion of brilliance.
You feel clever all of a sudden.
The orc priest calls down the wrath of Beogh upon you.
Pain shoots through your body!
* * * LOW HITPOINT WARNING * * *
An orc comes into view. It is wielding a +0 mace.
It was a potion of mutation.
You feel extremely strange.
You feel yourself wasting away.
You feel weaker.
Slimy green scales grow over part of your body.
The orc priest mumbles some strange prayers to Beogh against you.
Beogh smites you!
You die...

#....... #....... #.......
..#....... ..## ........... ....
........... .... .......(..
((..#########........
o..o@................
....#####.###........ ....
###'#.......... ....
#.............. ################
#......[....### #.....<....#####
#...........# #..............#
#...........# #
#..............######'#....######
#............(.'......####.# #..


You could see an orc priest and an orc (wandering).

Vanquished Creatures
  A scorpion (D:4)
  A jelly (D:4)
  An orc priest (D:3)
  An orc wizard (D:3)
  A worker ant (D:3)
  3 adders
  A white imp (D:3)
  An ooze (D:1)
  A worm (D:2)
  An adder skeleton (D:4)
  2 dart slugs
  5 leopard geckos
  An orc (D:3)
  A ball python (D:3)
  5 bats
  A giant cockroach (D:1)
  9 goblins
  7 hobgoblins
  2 quokkas
  3 frilled lizards (D:2)
  10 kobolds
  9 rats
67 creatures vanquished.

Notes
Turn   | Place    | Note
-------+----------+-------------------------------------------
     0 | D:1      | runemasterragnar the Kobold Hunter began the quest for the
                  | Orb.
     0 | D:1      | Reached XP level 1. HP: 12/12 MP: 1/1
    81 | D:1      | Reached skill level 5 in Crossbows
    81 | D:1      | Reached XP level 2. HP: 18/18 MP: 2/2
   207 | D:1      | Reached XP level 3. HP: 22/22 MP: 3/3
   930 | D:2      | Reached skill level 1 in Short Blades
  1038 | D:2      | Reached XP level 4. HP: 20/27 MP: 4/4
  1468 | D:2      | Found a shimmering blue altar of Sif Muna.
  1856 | D:3      | Found a sparkling altar of Nemelex Xobeh.
  1931 | D:3      | Reached XP level 5. HP: 31/32 MP: 5/5
  1938 | D:3      | Reached skill level 6 in Crossbows
  2074 | D:3      | Found a radiant altar of Vehumet.
  2472 | D:4      | Reached XP level 6. HP: 37/37 MP: 6/6
  2722 | D:4      | Gained mutation: Your body sometimes deteriorates upon
                  | taking damage. [potion of mutation]
  2722 | D:4      | Gained mutation: You are weak. (Str -2) [potion of
                  | mutation]
  2722 | D:4      | Gained mutation: You are partially covered in slimy green
                  | scales. (AC +2) [potion of mutation]
  2722 | D:4      | Killed from afar by an orc priest

Illustrated notes

Levels and vault maps discovered:
D:1:      ncdulo_wetmaze, layout_basic, kennysheep_doodads
D:2:      layout_loops_cross, lemuel_round_altar, dk_noncrumbling_4
D:3:      layout_basic, lemuel_doored_altar, lemuel_round_altar,
          grunt_ministairs_11, patterned_corridor
D:4:      layout_basic, interstate_on_off

Skill      XL: |  1  2  3  4  5 |
---------------+----------------+-----
Crossbows      | 5 6 |  6.4
Stealth        | 2 3 |  3.6
Short Blades   | 1 2 |  2.7
Dodging        | 3 |  3.8
Fighting       | 3 |  3.4
Evocations     | |  0.2

Action                   |  1- 3 |  4- 6 || total
-------------------------+-------+-------++-------
Melee: Short sword       |    32 |    11 ||    43
       Hand crossbow     |       |     5 ||     5
 Fire: Hand crossbow     |    41 |    75 ||   116
  Use: Potion            |       |     6 ||     6
       Scroll            |       |     1 ||     1
 Stab: Sleeping          |     2 |     1 ||     3
Armor: Leather armour    |     9 |     7 ||    16
Dodge: Dodged            |    50 |    16 ||    66
Block: Other             |       |     7 ||     7

Table legend: (Time is in decaauts)
 A = Elapsed time spent in this place.
 B = Non-inter-level travel time spent in this place.
 C = Inter-level travel time spent in this place.
 D = Time resting spent in this place.
 E = Time spent auto-exploring this place.
 F = Levels seen in this place.
 G = Mean time per level.
                   A        B        C        D        E       F      G
               +--------+--------+--------+--------+--------+-----+--------+
         Total |   2754 |   2717 |     37 |      0 |   2326 |   4 |  688.5 |
       Dungeon |   2754 |   2717 |     37 |      0 |   2326 |   4 |  688.5 |
               +--------+--------+--------+--------+--------+-----+--------+

Top non-repeatable levels by time:
     D:3: 876 daAuts
     D:1: 858 daAuts
     D:2: 754 daAuts
     D:4: 264 daAuts
